Dallas Stars vs Calgary Flames

Created - Wednesday, October 1, 2025 at 07:49

Goals
1 2 3 T
Dallas Stars 1 3 1 5
Calgary Flames 1 1 1 3
Shots
1 2 3 T
Dallas Stars 14 9 14 37
Calgary Flames 12 10 7 29

1st period

1. Calgary Flames , J.T. Miller 15 (Drew Doughty 9, Chris Kreider 15) at 4:41
2. Dallas Stars , Luke Kunin 22 (Jordan Martinook 24, Jordan Greenway 18) at 12:49

Penalties :
Arber Xhekaj (DAL) for Hooking (Minor) at 13:30, Jordan Martinook (DAL) for Hooking (Minor) at 13:54

2nd period

3. Dallas Stars , Joel Kiviranta 5 (Philip Tomasino 7, Jonatan Berggren 9) at 6:57
4. Dallas Stars , Luke Kunin 23 (Dougie Hamilton 21, Josh Anderson 14) at 11:37
5. Calgary Flames , Chris Kreider 14 (J.T. Miller 31, Cale Makar 27) at 13:41
6. Dallas Stars , Alex Iafallo 10 (Trent Frederic 9, Jack Drury 10) at 19:38

Penalties :
Luke Kunin (DAL) for High sticking (Minor) at 2:44

3rd period

7. Dallas Stars , Brendan Gallagher 16 (Elias Lindholm 27) at 8:30
8. Calgary Flames , Kris Letang 5 (Cale Makar 28, Pheonix Copley) at 13:25 (PP)

Penalties :
Trent Frederic (DAL) for Tripping (Minor) at 0:17, Jakob Chychrun (DAL) for Hooking (Minor) at 4:16, Josh Anderson (DAL) for Interference (Minor) at 8:37, Josh Anderson (DAL) for Holding (Minor) at 12:45, Arber Xhekaj (DAL) for High sticking (Minor) at 13:46, Matthew Tkachuk (CGY) for Boarding (Minor) at 17:52, Josh Anderson (DAL) for Tripping (Minor) at 17:58

Goalie Stats

Alex Lyon (DAL), 26 saves from 29 shots - (0.897), W, 18-7-1, 60:00 minutes
Pheonix Copley (CGY), 32 saves from 37 shots - (0.865), L, 0-1-0, 60:00 minutes

Players Stats for Dallas Stars

Player Name              G  A  P  +/- PIM S  H  SB GA TA FO     MP     PP MP  PK MP  
------------------------------------------------------------------------------------
Alex Iafallo             1  0  1   1  0   3  2  0  1  0  0/0    11:15   0:00   0:00 
Arber Xhekaj             0  0  0   2  4   1  2  0  0  0  0/0    13:44   0:00   0:20 
Brendan Gallagher        1  0  1   1  0   3  2  0  1  0  1/3    19:11   0:06   5:31 
Cam York                 0  0  0   2  0   0  1  1  0  1  0/0    14:38   0:00   0:43 
Dougie Hamilton          0  1  1   1  0   3  1  1  1  0  0/0    24:26   0:06   6:44 
Elias Lindholm           0  1  1   1  0   1  4  0  0  0  10/23  20:12   0:06   6:16 
Jack Drury               0  1  1   1  0   2  1  1  0  0  3/9    13:23   0:00   2:13 
Jakob Chychrun           0  0  0   0  2   3  2  1  2  1  0/0    20:41   0:00   5:17 
Joel Kiviranta           1  0  1   1  0   6  0  0  0  0  0/0     9:09   0:00   0:00 
Jonatan Berggren         0  1  1   1  0   3  0  0  0  0  0/0     8:58   0:00   0:00 
Jordan Greenway          0  1  1   0  0   0  0  0  0  0  0/1    12:58   0:00   0:40 
Jordan Martinook         0  1  1   0  2   3  0  1  0  2  1/7    18:28   0:00   5:07 
Josh Anderson            0  1  1   1  6   3  1  0  0  0  0/0    17:46   0:05   4:45 
Luke Kunin               2  0  2   0  2   3  1  0  0  0  5/12   12:14   0:00   0:00 
Philip Tomasino          0  1  1   1  0   1  0  0  0  0  0/2     8:58   0:00   0:00 
Rasmus Ristolainen       0  0  0   1  0   1  1  0  0  0  0/0    24:26   0:06   6:44 
Trent Frederic           0  1  1   1  2   0  0  0  0  0  0/0    10:39   0:00   0:00 
Trevor van Riemsdyk      0  0  0   0  0   1  0  1  1  1  0/0    22:13   0:00   6:20 

Players Stats for Calgary Flames

Player Name              G  A  P  +/- PIM S  H  SB GA TA FO     MP     PP MP  PK MP  
------------------------------------------------------------------------------------
Alec Martinez            0  0  0  -1  0   0  1  1  0  1  0/0    21:14   6:09   0:00 
Ben Meyers               0  0  0  -1  0   0  1  0  0  0  0/0     9:14   0:00   0:00 
Bo Horvat                0  0  0  -1  0   3  1  0  0  0  15/23  19:55   6:31   0:06 
Cale Makar               0  2  2   1  0   0  0  1  3  1  0/0    24:26   6:55   0:06 
Chris Kreider            1  1  2   0  0   2  1  1  1  0  0/1    18:25   6:27   0:00 
Drew Doughty             0  1  1  -1  0   2  2  1  0  0  0/0    14:03   0:00   0:00 
Filip Hronek             0  0  0  -3  0   0  0  0  0  0  0/0    21:01   6:09   0:00 
J.T. Miller              1  1  2   0  0   2  2  0  0  1  14/21  19:19   6:33   0:00 
Joel Eriksson Ek         0  0  0  -1  0   5  2  0  0  0  4/5    12:26   0:06   0:00 
Kris Letang              1  0  1   1  0   6  2  1  0  3  0/0    24:26   6:55   0:06 
Mathieu Joseph           0  0  0   0  0   0  1  0  1  0  0/1    18:17   6:24   0:00 
Matthew Tkachuk          0  0  0  -1  2   1  1  0  0  0  0/0    11:39   0:06   0:00 
Nic Dowd                 0  0  0  -1  0   2  0  1  0  0  2/2     9:22   0:03   0:00 
Nick Paul                0  0  0  -1  0   2  1  0  0  0  0/0     9:14   0:00   0:00 
Pavel Zacha              0  0  0  -1  0   0  2  0  0  0  1/1    11:32   0:00   0:00 
Sebastian Aho            0  0  0  -1  0   2  3  0  0  0  1/2    19:55   6:31   0:06 
Uvis Balinskis           0  0  0  -3  0   0  1  1  0  0  0/0    14:50   0:00   0:00 
Zach Hyman               0  0  0  -1  0   2  1  0  0  0  0/1    18:42   6:31   0:00 

3 Stars

1 - Luke Kunin (DAL)
2 - Brendan Gallagher (DAL)
3 - Alex Iafallo (DAL)

Power Play

Dallas Stars - 0 on 1 Attempt(s) - 0.00%
Calgary Flames - 1 on 9 Attempt(s) - 11.11%

Penalty Kill

Dallas Stars - 8 on 9 Attempt(s) - 88.89% - Score 0 goal in Penalty Kill
Calgary Flames - 1 on 1 Attempt(s) - 100.00% - Score 0 goal in Penalty Kill

Team Stat

Dallas Stars - Hits : 18 - Faceoff Wins : 20 - Blocked Shots : 6 - Penalty Minutes : 18
Calgary Flames - Hits : 22 - Faceoff Wins : 37 - Blocked Shots : 7 - Penalty Minutes : 2

Official

Referees : Corey Syvret and Jake Brenk
Linesman : Julien Fournier and Ryan Daisy

Game Notes

No Game Note

Finance

Level 1 -- Attendance: 4365 (72.75%) -- Ticket Income $436,500
Level 2 -- Attendance: 3753 (75.06%) -- Ticket Income $225,180
Level 3 -- Attendance: 2244 (74.80%) -- Ticket Income $78,540
Level 4 -- Attendance: 3323 (66.46%) -- Ticket Income $83,075
Luxury Box -- Attendance: 789 (78.90%) -- Ticket Income $157,800
Game was played at the Scotiabank Saddledome.
Total Attendance: 14474 (72.37%)
Total Ticket Income: $981,095
Other Income: $343,383
Total Income: $1,324,478

Dallas Stars

5 vs 5 Forward 
   Center                   Left Wing                Right Wing               Time % Phy DF OF 
 1 Elias Lindholm           Josh Anderson            Brendan Gallagher        30     1   2  2  
 2 Luke Kunin               Jordan Martinook         Jordan Greenway          30     1   2  2  
 3 Jack Drury               Alex Iafallo             Trent Frederic           25     1   2  2  
 4 Philip Tomasino          Joel Kiviranta           Jonatan Berggren         15     1   2  2  

5 vs 5 Defense 
   Defense                  Defense                                           Time % Phy DF OF 
 1 Rasmus Ristolainen       Dougie Hamilton                                   35     1   2  2  
 2 Trevor van Riemsdyk      Jakob Chychrun                                    35     1   2  2  
 3 Arber Xhekaj             Cam York                                          30     1   2  2  
 4 Rasmus Ristolainen       Dougie Hamilton                                   0      1   2  2  

PowerPlay Forward 
   Center                   Left Wing                Right Wing               Time % Phy DF OF 
 1 Elias Lindholm           Josh Anderson            Brendan Gallagher        50     1   2  2  
 2 Luke Kunin               Jordan Martinook         Jordan Greenway          50     1   2  2  

PowerPlay Defense
   Defense                  Defense                                           Time % Phy DF OF 
 1 Rasmus Ristolainen       Dougie Hamilton                                   50     1   2  2  
 2 Trevor van Riemsdyk      Jakob Chychrun                                    50     1   2  2  

Penalty Kill 4 Players Forward 
   Center                   Wing                     Time % Phy DF OF 
 1 Elias Lindholm           Josh Anderson            50     1   2  2  
 2 Jordan Martinook         Brendan Gallagher        50     1   2  2  

Penalty Kill 4 Players Defense
   Defense                  Defense                  Time % Phy DF OF 
 1 Rasmus Ristolainen       Dougie Hamilton          50     1   2  2  
 2 Trevor van Riemsdyk      Jakob Chychrun           50     1   2  2  

Penalty Kill - 3 Players Forward 
   Forward                                           Time % Phy DF OF 
 1 Elias Lindholm                                    50     1   2  2  
 2 Josh Anderson                                     50     1   2  2  

Penalty Kill - 3 Players Defense
   Defense                  Defense                  Time % Phy DF OF 
 1 Rasmus Ristolainen       Dougie Hamilton          50     1   2  2  
 2 Trevor van Riemsdyk      Jakob Chychrun           50     1   2  2  

4 vs 4 Forward 
   Center                   Wing                     Time % Phy DF OF 
 1 Elias Lindholm           Josh Anderson            50     1   2  2  
 2 Jordan Martinook         Brendan Gallagher        50     1   2  2  

4 vs 4 Defense
   Defense                  Defense                  Time % Phy DF OF 
 1 Rasmus Ristolainen       Dougie Hamilton          50     1   2  2  
 2 Trevor van Riemsdyk      Jakob Chychrun           50     1   2  2  

Last Minutes Offensive
   Center                   Left Wing                Right Wing               Defense                  Defense                  
   Elias Lindholm           Josh Anderson            Brendan Gallagher        Rasmus Ristolainen       Dougie Hamilton          

Last Minutes Defensive
   Center                   Left Wing                Right Wing               Defense                  Defense                  
   Elias Lindholm           Josh Anderson            Brendan Gallagher        Rasmus Ristolainen       Dougie Hamilton          

Goaltenders
Starting : Alex Lyon                
Backup : Marc-Andre Fleury        

Extra Forwards
Normal : Alex Iafallo, Joel Kiviranta, Jack Drury - PP : Alex Iafallo, Joel Kiviranta - PK : Jack Drury
Extra Defensemen
Normal : Rasmus Ristolainen, Cam York, Trevor van Riemsdyk - PP : Dougie Hamilton - PK : Cam York, Trevor van Riemsdyk
Penalty Shots
Elias Lindholm, Josh Anderson, Jordan Martinook, Brendan Gallagher, Alex Iafallo

Scratches
Filip Chytil (Healthy), Jonas Siegenthaler (Healthy), Semyon Varlamov (Healthy)

Calgary Flames

5 vs 5 Forward 
   Center                   Left Wing                Right Wing               Time % Phy DF OF 
 1 Bo Horvat                Sebastian Aho            Zach Hyman               30     1   2  2  
 2 J.T. Miller              Chris Kreider            Mathieu Joseph           30     1   2  2  
 3 Joel Eriksson Ek         Matthew Tkachuk          Pavel Zacha              25     1   2  2  
 4 Nic Dowd                 Nick Paul                Ben Meyers               15     1   2  2  

5 vs 5 Defense 
   Defense                  Defense                                           Time % Phy DF OF 
 1 Cale Makar               Kris Letang                                       35     1   2  2  
 2 Filip Hronek             Uvis Balinskis                                    35     1   2  2  
 3 Drew Doughty             Alec Martinez                                     30     1   2  2  
 4 Cale Makar               Kris Letang                                       0      1   2  2  

PowerPlay Forward 
   Center                   Left Wing                Right Wing               Time % Phy DF OF 
 1 Bo Horvat                Sebastian Aho            Zach Hyman               50     1   2  2  
 2 J.T. Miller              Chris Kreider            Mathieu Joseph           50     1   2  2  

PowerPlay Defense
   Defense                  Defense                                           Time % Phy DF OF 
 1 Cale Makar               Kris Letang                                       50     1   2  2  
 2 Filip Hronek             Alec Martinez                                     50     1   2  2  

Penalty Kill 4 Players Forward 
   Center                   Wing                     Time % Phy DF OF 
 1 Bo Horvat                Sebastian Aho            50     1   2  2  
 2 J.T. Miller              Joel Eriksson Ek         50     1   2  2  

Penalty Kill 4 Players Defense
   Defense                  Defense                  Time % Phy DF OF 
 1 Cale Makar               Kris Letang              50     1   2  2  
 2 Alec Martinez            Uvis Balinskis           50     1   2  2  

Penalty Kill - 3 Players Forward 
   Forward                                           Time % Phy DF OF 
 1 Bo Horvat                                         50     1   2  2  
 2 Sebastian Aho                                     50     1   2  2  

Penalty Kill - 3 Players Defense
   Defense                  Defense                  Time % Phy DF OF 
 1 Cale Makar               Kris Letang              50     1   2  2  
 2 Alec Martinez            Drew Doughty             50     1   2  2  

4 vs 4 Forward 
   Center                   Wing                     Time % Phy DF OF 
 1 Bo Horvat                Sebastian Aho            50     1   2  2  
 2 J.T. Miller              Joel Eriksson Ek         50     1   2  2  

4 vs 4 Defense
   Defense                  Defense                  Time % Phy DF OF 
 1 Cale Makar               Kris Letang              50     1   2  2  
 2 Drew Doughty             Alec Martinez            50     1   2  2  

Last Minutes Offensive
   Center                   Left Wing                Right Wing               Defense                  Defense                  
   Bo Horvat                Sebastian Aho            Zach Hyman               Cale Makar               Kris Letang              

Last Minutes Defensive
   Center                   Left Wing                Right Wing               Defense                  Defense                  
   Bo Horvat                Sebastian Aho            Zach Hyman               Cale Makar               Kris Letang              

Goaltenders
Starting : Pheonix Copley           
Backup : Ilya Sorokin             

Extra Forwards
Normal : Nic Dowd, Ben Meyers, Matthew Tkachuk - PP : Nic Dowd, Ben Meyers - PK : Matthew Tkachuk
Extra Defensemen
Normal : Cale Makar, Alec Martinez, Kris Letang - PP : Kris Letang - PK : Alec Martinez, Cale Makar
Penalty Shots
Bo Horvat, Sebastian Aho, J.T. Miller, Joel Eriksson Ek, Zach Hyman

Scratches
Jeremy Lauzon (Bruised Right Leg Injury), Angus Crookshank (Healthy), Anton Forsberg (Healthy)

% Time on Ice - Dallas Stars

Lines # - Real PCT - Wanted PCT - Time Play
Normal Forward
1 - 29% - 30% - 13:04
2 - 27% - 30% - 12:21
3 - 24% - 25% - 10:34
4 - 20% - 15% - 8:58
Normal Defense
1 - 36% - 35% - 15:58
2 - 34% - 35% - 15:13
3 - 30% - 30% - 13:21
4 - 1% - 0% - 0:25
PP Forward
1 - 100% - 50% - 0:06
2 - 0% - 50% - 0:00
PP Defense
1 - 100% - 50% - 0:06
2 - 0% - 50% - 0:00
PK Forward
1 - 51% - 50% - 5:52
2 - 49% - 50% - 5:37
PK Defense
1 - 50% - 50% - 5:47
2 - 50% - 50% - 5:42
PK3 Forward
1 - 49% - 50% - 0:47
2 - 51% - 50% - 0:48
PK3 Defense
1 - 60% - 50% - 0:57
2 - 40% - 50% - 0:38
44 Forward
1 - 46% - 50% - 0:52
2 - 54% - 50% - 1:01
44 Defense
1 - 65% - 50% - 1:13
2 - 35% - 50% - 0:40
Last Minute Offensive  - 0:00
Last Minute Defensive  - 0:00
Total
Forward - 60:00
Defense - 60:00

% Time on Ice - Calgary Flames

Lines # - Real PCT - Wanted PCT - Time Play
Normal Forward
1 - 27% - 30% - 12:11
2 - 27% - 30% - 12:00
3 - 26% - 25% - 11:32
4 - 21% - 15% - 9:14
Normal Defense
1 - 35% - 35% - 15:40
2 - 35% - 35% - 15:53
3 - 28% - 30% - 12:40
4 - 2% - 0% - 0:44
PP Forward
1 - 50% - 50% - 6:31
2 - 50% - 50% - 6:33
PP Defense
1 - 53% - 50% - 6:55
2 - 47% - 50% - 6:09
PK Forward
1 - 100% - 50% - 0:06
2 - 0% - 50% - 0:00
PK Defense
1 - 100% - 50% - 0:06
2 - 0% - 50% - 0:00
PK3 Forward
1 - 0% - 50%
2 - 0% - 50%
PK3 Defense
1 - 0% - 50%
2 - 0% - 50%
44 Forward
1 - 59% - 50% - 1:07
2 - 41% - 50% - 0:46
44 Defense
1 - 54% - 50% - 1:01
2 - 46% - 50% - 0:52
Last Minute Offensive  - 0:00
Last Minute Defensive  - 0:00
Total
Forward - 60:00
Defense - 60:00

Play-by-Play

1st period


0:01 of 1st period - Bo Horvat wins face-off versus Elias Lindholm in neutral zone.
0:26 of 1st period - J.T. Miller is hit by Dougie Hamilton.
1:46 of 1st period - Snap shot by Zach Hyman.
1:46 of 1st period - Stopped by Alex Lyon without a rebound.
1:47 of 1st period - Luke Kunin wins face-off versus J.T. Miller in Dallas Stars zone.
2:21 of 1st period - Alex Iafallo is hit by Pavel Zacha and loses puck.
2:42 of 1st period - Snap shot by Nick Paul.
2:42 of 1st period - Shot Misses the Net.
4:04 of 1st period - Snap shot by Joel Kiviranta.
4:04 of 1st period - Stopped by Pheonix Copley without a rebound.
4:05 of 1st period - Elias Lindholm wins face-off versus Bo Horvat in Calgary Flames zone.
4:16 of 1st period - Wrist shot by Brendan Gallagher.
4:16 of 1st period - Shot Misses the Net.
4:23 of 1st period - Icing by Alec Martinez.
4:24 of 1st period - Bo Horvat wins face-off versus Luke Kunin in Calgary Flames zone.
4:29 of 1st period - Backhand shot by Zach Hyman.
4:29 of 1st period - Stopped by Alex Lyon without a rebound.
4:30 of 1st period - J.T. Miller wins face-off versus Luke Kunin in Dallas Stars zone.
4:37 of 1st period - Wrist shot by Chris Kreider.
4:37 of 1st period - Shot Misses the Net.
4:39 of 1st period - Slapshot by Drew Doughty.
4:39 of 1st period - Stopped by Alex Lyon with a rebound.
4:41 of 1st period - Snap shot by J.T. Miller.
4:41 of 1st period - Goal by J.T. Miller - Dallas Stars : 0 - Calgary Flames : 1.
4:42 of 1st period - Joel Eriksson Ek wins face-off versus Jack Drury in neutral zone.
5:22 of 1st period - Slapshot by Bo Horvat.
5:22 of 1st period - Stopped by Alex Lyon with a rebound.
6:03 of 1st period - Snap shot by Jordan Martinook.
6:03 of 1st period - Shot Misses the Net.
6:05 of 1st period - Wrist shot by Jordan Martinook.
6:05 of 1st period - Deflect By Cale Makar.
6:05 of 1st period - Stopped by Pheonix Copley without a rebound.
6:06 of 1st period - Joel Eriksson Ek wins face-off versus Philip Tomasino in Calgary Flames zone.
6:15 of 1st period - Slapshot by Joel Eriksson Ek.
6:15 of 1st period - Stopped by Alex Lyon without a rebound.
6:16 of 1st period - Joel Eriksson Ek wins face-off versus Philip Tomasino in Dallas Stars zone.
6:40 of 1st period - Snap shot by Matthew Tkachuk.
6:40 of 1st period - Stopped by Alex Lyon with a rebound.
7:07 of 1st period - Wrist shot by Joel Kiviranta.
7:07 of 1st period - Stopped by Pheonix Copley with a rebound.
7:25 of 1st period - Wrist shot by Joel Kiviranta.
7:25 of 1st period - Stopped by Pheonix Copley with a rebound.
7:36 of 1st period - Snap shot by Joel Eriksson Ek.
7:36 of 1st period - Shot Misses the Net.
7:46 of 1st period - Snap shot by Joel Eriksson Ek.
7:46 of 1st period - Stopped by Alex Lyon without a rebound.
7:47 of 1st period - Luke Kunin wins face-off versus J.T. Miller in Dallas Stars zone.
8:14 of 1st period - Alec Martinez is hit by Elias Lindholm.
8:36 of 1st period - Snap shot by Jack Drury.
8:36 of 1st period - Stopped by Pheonix Copley with a rebound.
8:38 of 1st period - Snap shot by Trent Frederic.
8:38 of 1st period - Shot Misses the Net.
8:40 of 1st period - Wrist shot by Jakob Chychrun.
8:40 of 1st period - Stopped by Pheonix Copley with a rebound.
8:42 of 1st period - Snap shot by Trent Frederic.
8:42 of 1st period - Shot Misses the Net.
8:44 of 1st period - Wrist shot by Trevor van Riemsdyk.
8:44 of 1st period - Shot Blocked by Nic Dowd.
8:54 of 1st period - Snap shot by J.T. Miller.
8:54 of 1st period - Shot Blocked by Cam York.
8:56 of 1st period - Slapshot by Kris Letang.
8:56 of 1st period - Stopped by Alex Lyon without a rebound.
8:57 of 1st period - J.T. Miller wins face-off versus Luke Kunin in Dallas Stars zone.
9:20 of 1st period - Snap shot by Sebastian Aho.
9:20 of 1st period - Shot Misses the Net.
10:18 of 1st period - Snap shot by J.T. Miller.
10:18 of 1st period - Stopped by Alex Lyon with a rebound.
11:03 of 1st period - Wrist shot by Jonatan Berggren.
11:03 of 1st period - Stopped by Pheonix Copley without a rebound.
11:04 of 1st period - Elias Lindholm wins face-off versus Zach Hyman in Calgary Flames zone.
11:30 of 1st period - Drew Doughty is hit by Luke Kunin and loses puck.
11:36 of 1st period - Off-side.
11:37 of 1st period - Luke Kunin wins face-off versus Mathieu Joseph in neutral zone.
12:32 of 1st period - Slapshot by Jack Drury.
12:32 of 1st period - Deflect By Alex Iafallo.
12:32 of 1st period - Shot Hit the Post.
12:32 of 1st period - Puck is out of play.
12:33 of 1st period - J.T. Miller wins face-off versus Luke Kunin in Calgary Flames zone.
12:47 of 1st period - Snap shot by Jordan Martinook.
12:47 of 1st period - Stopped by Pheonix Copley with a rebound.
12:49 of 1st period - Wrist shot by Luke Kunin.
12:49 of 1st period - Goal by Luke Kunin - Dallas Stars : 1 - Calgary Flames : 1.
12:50 of 1st period - Bo Horvat wins face-off versus Elias Lindholm in neutral zone.
13:17 of 1st period - Trevor van Riemsdyk is hit by Joel Eriksson Ek.
13:30 of 1st period - Minor Penalty to Arber Xhekaj for Hooking.
13:31 of 1st period - Bo Horvat wins face-off versus Jordan Martinook in Dallas Stars zone.
13:34 of 1st period - Snap shot by Zach Hyman.
13:34 of 1st period - Shot Misses the Net.
13:40 of 1st period - Slapshot by Sebastian Aho.
13:40 of 1st period - Shot Misses the Net.
13:42 of 1st period - Snap shot by Alec Martinez.
13:42 of 1st period - Shot Misses the Net.
13:54 of 1st period - Minor Penalty to Jordan Martinook for Hooking.
13:55 of 1st period - J.T. Miller wins face-off versus Elias Lindholm in Dallas Stars zone.
14:09 of 1st period - Slapshot by Dougie Hamilton.
14:09 of 1st period - Stopped by Pheonix Copley with a rebound.
14:11 of 1st period - Slapshot by Dougie Hamilton.
14:11 of 1st period - Stopped by Pheonix Copley with a rebound.
14:13 of 1st period - Slapshot by Dougie Hamilton.
14:13 of 1st period - Stopped by Pheonix Copley with a rebound.
14:15 of 1st period - Wrist shot by Rasmus Ristolainen.
14:15 of 1st period - Stopped by Pheonix Copley without a rebound.
14:16 of 1st period - Bo Horvat wins face-off versus Elias Lindholm in Calgary Flames zone.
14:42 of 1st period - Alec Martinez is hit by Josh Anderson and loses puck.
15:30 of 1st period - Penalty to Arber Xhekaj is over, Arber Xhekaj is back on ice.
15:54 of 1st period - Penalty to Jordan Martinook is over, Jordan Martinook is back on ice.
16:04 of 1st period - Dougie Hamilton is hit by Matthew Tkachuk and loses puck.
16:40 of 1st period - Jordan Martinook is hit by Nick Paul and loses puck.
17:12 of 1st period - Trevor van Riemsdyk is hit by Chris Kreider and loses puck.
18:06 of 1st period - Backhand shot by Joel Eriksson Ek.
18:06 of 1st period - Stopped by Alex Lyon with a rebound.
18:08 of 1st period - Wrist shot by Cale Makar.
18:08 of 1st period - Shot Blocked by Jordan Martinook.
18:10 of 1st period - Snap shot by Joel Eriksson Ek.
18:10 of 1st period - Stopped by Alex Lyon with a rebound.
18:28 of 1st period - Josh Anderson is hit by Ben Meyers and loses puck.
18:46 of 1st period - Philip Tomasino is hit by Sebastian Aho and loses puck.
18:53 of 1st period - Joel Kiviranta is hit by Bo Horvat and loses puck.
19:40 of 1st period - Snap shot by Jordan Martinook.
19:40 of 1st period - Stopped by Pheonix Copley with a rebound.
Goals for this period are 1 for Dallas Stars vs 1 for Calgary Flames.
Shots for this period are 14 for Dallas Stars vs 12 for Calgary Flames.

2nd period


0:01 of 2nd period - Bo Horvat wins face-off versus Luke Kunin in neutral zone.
0:06 of 2nd period - Slapshot by Sebastian Aho.
0:06 of 2nd period - Stopped by Alex Lyon with a rebound.
0:14 of 2nd period - Wrist shot by Sebastian Aho.
0:14 of 2nd period - Stopped by Alex Lyon without a rebound.
0:15 of 2nd period - Jack Drury wins face-off versus J.T. Miller in Dallas Stars zone.
1:54 of 2nd period - Kris Letang is hit by Arber Xhekaj and loses puck.
2:13 of 2nd period - Bo Horvat is hit by Elias Lindholm and loses puck.
2:20 of 2nd period - Snap shot by Josh Anderson.
2:20 of 2nd period - Shot Misses the Net.
2:42 of 2nd period - Snap shot by Joel Eriksson Ek.
2:42 of 2nd period - Shot Misses the Net.
2:44 of 2nd period - Minor Penalty to Luke Kunin for High sticking.
2:45 of 2nd period - Elias Lindholm wins face-off versus J.T. Miller in Dallas Stars zone.
3:19 of 2nd period - Wrist shot by Brendan Gallagher.
3:19 of 2nd period - Shot Misses the Net.
3:21 of 2nd period - Wrist shot by Jordan Martinook.
3:21 of 2nd period - Shot Blocked by Kris Letang.
4:44 of 2nd period - Penalty to Luke Kunin is over, Luke Kunin is back on ice.
4:52 of 2nd period - Off-side.
4:53 of 2nd period - Jack Drury wins face-off versus Joel Eriksson Ek in neutral zone.
4:56 of 2nd period - Wrist shot by Alex Iafallo.
4:56 of 2nd period - Shot Misses the Net.
5:55 of 2nd period - Nick Paul is hit by Cam York and loses puck.
6:27 of 2nd period - Snap shot by Joel Kiviranta.
6:27 of 2nd period - Stopped by Pheonix Copley with a rebound.
6:35 of 2nd period - Wrist shot by Jonatan Berggren.
6:35 of 2nd period - Shot Misses the Net.
6:49 of 2nd period - Wrist shot by Jonatan Berggren.
6:49 of 2nd period - Stopped by Pheonix Copley with a rebound.
6:51 of 2nd period - Slapshot by Jonatan Berggren.
6:51 of 2nd period - Stopped by Pheonix Copley with a rebound.
6:53 of 2nd period - Snap shot by Joel Kiviranta.
6:53 of 2nd period - Stopped by Pheonix Copley with a rebound.
6:55 of 2nd period - Slapshot by Philip Tomasino.
6:55 of 2nd period - Stopped by Pheonix Copley with a rebound.
6:57 of 2nd period - Snap shot by Joel Kiviranta.
6:57 of 2nd period - Goal by Joel Kiviranta - Dallas Stars : 2 - Calgary Flames : 1.
6:58 of 2nd period - Elias Lindholm wins face-off versus Sebastian Aho in neutral zone.
7:08 of 2nd period - Off-side.
7:09 of 2nd period - Bo Horvat wins face-off versus Elias Lindholm in neutral zone.
8:04 of 2nd period - Snap shot by Jack Drury.
8:04 of 2nd period - Shot Misses the Net.
8:30 of 2nd period - Snap shot by Nick Paul.
8:30 of 2nd period - Stopped by Alex Lyon with a rebound.
9:37 of 2nd period - Wrist shot by Nic Dowd.
9:37 of 2nd period - Shot Misses the Net.
9:39 of 2nd period - Wrist shot by Alec Martinez.
9:39 of 2nd period - Shot Misses the Net.
10:01 of 2nd period - Snap shot by Luke Kunin.
10:01 of 2nd period - Shot Misses the Net.
10:06 of 2nd period - Off-side.
10:07 of 2nd period - Bo Horvat wins face-off versus Jack Drury in neutral zone.
10:09 of 2nd period - Off-side.
10:10 of 2nd period - Bo Horvat wins face-off versus Jack Drury in neutral zone.
10:19 of 2nd period - Snap shot by Bo Horvat.
10:19 of 2nd period - Shot Blocked by Dougie Hamilton.
11:37 of 2nd period - Snap shot by Luke Kunin.
11:37 of 2nd period - Goal by Luke Kunin - Dallas Stars : 3 - Calgary Flames : 1.
11:38 of 2nd period - Bo Horvat wins face-off versus Luke Kunin in neutral zone.
12:03 of 2nd period - Bo Horvat is hit by Jakob Chychrun and loses puck.
12:30 of 2nd period - Trent Frederic is hit by Kris Letang and loses puck.
12:59 of 2nd period - Snap shot by Nic Dowd.
12:59 of 2nd period - Stopped by Alex Lyon without a rebound.
13:00 of 2nd period - Nic Dowd wins face-off versus Jordan Greenway in Dallas Stars zone.
13:01 of 2nd period - Slapshot by Nick Paul.
13:01 of 2nd period - Shot Hit the Post.
13:27 of 2nd period - Slapshot by Elias Lindholm.
13:27 of 2nd period - Shot Misses the Net.
13:35 of 2nd period - Wrist shot by Nic Dowd.
13:35 of 2nd period - Stopped by Alex Lyon without a rebound.
13:36 of 2nd period - J.T. Miller wins face-off versus Luke Kunin in Dallas Stars zone.
13:41 of 2nd period - Wrist shot by Chris Kreider.
13:41 of 2nd period - Goal by Chris Kreider - Dallas Stars : 3 - Calgary Flames : 2.
13:42 of 2nd period - J.T. Miller wins face-off versus Elias Lindholm in neutral zone.
14:31 of 2nd period - Jordan Greenway is hit by Sebastian Aho and loses puck.
14:58 of 2nd period - Joel Eriksson Ek is hit by Arber Xhekaj and loses puck.
15:23 of 2nd period - Uvis Balinskis is hit by Elias Lindholm and loses puck.
16:15 of 2nd period - Joel Kiviranta is hit by Kris Letang and loses puck.
16:28 of 2nd period - Drew Doughty is hit by Rasmus Ristolainen and loses puck.
16:43 of 2nd period - Rasmus Ristolainen is hit by Zach Hyman and loses puck.
17:02 of 2nd period - Trent Frederic is hit by Joel Eriksson Ek and loses puck.
17:37 of 2nd period - Cam York is hit by Sebastian Aho and loses puck.
18:00 of 2nd period - Wrist shot by Nick Paul.
18:00 of 2nd period - Stopped by Alex Lyon with a rebound.
18:02 of 2nd period - Snap shot by Ben Meyers.
18:02 of 2nd period - Shot Misses the Net.
18:04 of 2nd period - Slapshot by Kris Letang.
18:04 of 2nd period - Stopped by Alex Lyon without a rebound.
18:05 of 2nd period - J.T. Miller wins face-off versus Elias Lindholm in Dallas Stars zone.
18:08 of 2nd period - Snap shot by Chris Kreider.
18:08 of 2nd period - Stopped by Alex Lyon with a rebound.
18:10 of 2nd period - Slapshot by Drew Doughty.
18:10 of 2nd period - Shot Misses the Net.
18:12 of 2nd period - Snap shot by Mathieu Joseph.
18:12 of 2nd period - Shot Misses the Net.
18:14 of 2nd period - Wrist shot by Drew Doughty.
18:14 of 2nd period - Stopped by Alex Lyon without a rebound.
18:15 of 2nd period - Elias Lindholm wins face-off versus J.T. Miller in Dallas Stars zone.
18:15 of 2nd period - Elias Lindholm is hit by Alec Martinez.
18:21 of 2nd period - Slapshot by Jakob Chychrun.
18:21 of 2nd period - Stopped by Pheonix Copley with a rebound.
18:28 of 2nd period - Off-side.
18:29 of 2nd period - Luke Kunin wins face-off versus Bo Horvat in neutral zone.
19:03 of 2nd period - Slapshot by Kris Letang.
19:03 of 2nd period - Shot Misses the Net.
19:30 of 2nd period - Snap shot by Jakob Chychrun.
19:30 of 2nd period - Deflect By Jordan Greenway.
19:30 of 2nd period - Shot Misses the Net.
19:30 of 2nd period - Puck is out of play.
19:31 of 2nd period - Jack Drury wins face-off versus Bo Horvat in Calgary Flames zone.
19:38 of 2nd period - Snap shot by Alex Iafallo.
19:38 of 2nd period - Goal by Alex Iafallo - Dallas Stars : 4 - Calgary Flames : 2.
19:39 of 2nd period - Bo Horvat wins face-off versus Elias Lindholm in neutral zone.
Goals for this period are 3 for Dallas Stars vs 1 for Calgary Flames.
Shots for this period are 9 for Dallas Stars vs 10 for Calgary Flames.

3rd period


0:01 of 3rd period - J.T. Miller wins face-off versus Jack Drury in neutral zone.
0:17 of 3rd period - Minor Penalty to Trent Frederic for Tripping.
0:18 of 3rd period - Elias Lindholm wins face-off versus J.T. Miller in Dallas Stars zone.
0:32 of 3rd period - Josh Anderson is hit by J.T. Miller and loses puck.
1:07 of 3rd period - Brendan Gallagher is hit by J.T. Miller and loses puck.
1:55 of 3rd period - Alec Martinez is hit by Brendan Gallagher and loses puck.
2:17 of 3rd period - Penalty to Trent Frederic is over, Trent Frederic is back on ice.
3:08 of 3rd period - Slapshot by Kris Letang.
3:08 of 3rd period - Stopped by Alex Lyon with a rebound.
3:20 of 3rd period - Snap shot by Philip Tomasino.
3:20 of 3rd period - Shot Blocked by Cale Makar.
3:22 of 3rd period - Backhand shot by Arber Xhekaj.
3:22 of 3rd period - Stopped by Pheonix Copley with a rebound.
4:16 of 3rd period - Minor Penalty to Jakob Chychrun for Hooking.
4:17 of 3rd period - J.T. Miller wins face-off versus Elias Lindholm in Dallas Stars zone.
6:12 of 3rd period - Bo Horvat is hit by Jack Drury and loses puck.
6:16 of 3rd period - Penalty to Jakob Chychrun is over, Jakob Chychrun is back on ice.
6:49 of 3rd period - Snap shot by Trent Frederic.
6:49 of 3rd period - Deflect By Drew Doughty.
6:49 of 3rd period - Shot Misses the Net.
6:49 of 3rd period - Puck is out of play.
6:50 of 3rd period - Nic Dowd wins face-off versus Jack Drury in Calgary Flames zone.
6:59 of 3rd period - Rasmus Ristolainen is hit by Drew Doughty and loses puck.
7:20 of 3rd period - Backhand shot by Elias Lindholm.
7:20 of 3rd period - Shot Misses the Net.
8:05 of 3rd period - Drew Doughty is hit by Alex Iafallo and loses puck.
8:16 of 3rd period - Snap shot by Jack Drury.
8:16 of 3rd period - Stopped by Pheonix Copley with a rebound.
8:28 of 3rd period - Wrist shot by Elias Lindholm.
8:28 of 3rd period - Shot Misses the Net.
8:30 of 3rd period - Wrist shot by Brendan Gallagher.
8:30 of 3rd period - Goal by Brendan Gallagher - Dallas Stars : 5 - Calgary Flames : 2.
8:31 of 3rd period - J.T. Miller wins face-off versus Brendan Gallagher in neutral zone.
8:37 of 3rd period - Minor Penalty to Josh Anderson for Interference.
8:38 of 3rd period - Elias Lindholm wins face-off versus Bo Horvat in Dallas Stars zone.
8:44 of 3rd period - Slapshot by Cale Makar.
8:44 of 3rd period - Shot Blocked by Trevor van Riemsdyk.
8:46 of 3rd period - Snap shot by Bo Horvat.
8:46 of 3rd period - Shot Hit the Post.
8:48 of 3rd period - Slapshot by Kris Letang.
8:48 of 3rd period - Deflect By Elias Lindholm.
8:48 of 3rd period - Stopped by Alex Lyon without a rebound.
8:49 of 3rd period - J.T. Miller wins face-off versus Brendan Gallagher in Dallas Stars zone.
8:54 of 3rd period - Wrist shot by Chris Kreider.
8:54 of 3rd period - Shot Misses the Net.
9:22 of 3rd period - Slapshot by Cale Makar.
9:22 of 3rd period - Shot Misses the Net.
9:40 of 3rd period - Chris Kreider is hit by Jakob Chychrun and loses puck.
9:44 of 3rd period - Icing by Filip Hronek.
9:45 of 3rd period - J.T. Miller wins face-off versus Jordan Martinook in Calgary Flames zone.
10:04 of 3rd period - Snap shot by J.T. Miller.
10:04 of 3rd period - Shot Blocked by Jack Drury.
10:16 of 3rd period - Wrist shot by Chris Kreider.
10:16 of 3rd period - Shot Blocked by Jakob Chychrun.
10:18 of 3rd period - Snap shot by Mathieu Joseph.
10:18 of 3rd period - Deflect By Jack Drury.
10:18 of 3rd period - Shot Misses the Net.
10:18 of 3rd period - Puck is out of play.
10:19 of 3rd period - Jordan Martinook wins face-off versus Bo Horvat in Dallas Stars zone.
10:32 of 3rd period - Wrist shot by Bo Horvat.
10:32 of 3rd period - Stopped by Alex Lyon without a rebound.
10:33 of 3rd period - Bo Horvat wins face-off versus Elias Lindholm in Dallas Stars zone.
10:37 of 3rd period - Penalty to Josh Anderson is over, Josh Anderson is back on ice.
11:30 of 3rd period - Wrist shot by Joel Eriksson Ek.
11:30 of 3rd period - Stopped by Alex Lyon with a rebound.
11:40 of 3rd period - Joel Kiviranta is hit by Drew Doughty and loses puck.
12:09 of 3rd period - Snap shot by Elias Lindholm.
12:09 of 3rd period - Stopped by Pheonix Copley with a rebound.
12:11 of 3rd period - Slapshot by Trevor van Riemsdyk.
12:11 of 3rd period - Stopped by Pheonix Copley with a rebound.
12:13 of 3rd period - Wrist shot by Brendan Gallagher.
12:13 of 3rd period - Stopped by Pheonix Copley with a rebound.
12:15 of 3rd period - Slapshot by Jakob Chychrun.
12:15 of 3rd period - Stopped by Pheonix Copley without a rebound.
12:16 of 3rd period - Luke Kunin wins face-off versus J.T. Miller in Calgary Flames zone.
12:16 of 3rd period - Luke Kunin is hit by Uvis Balinskis.
12:22 of 3rd period - Slapshot by Luke Kunin.
12:22 of 3rd period - Stopped by Pheonix Copley with a rebound.
12:24 of 3rd period - Slapshot by Jakob Chychrun.
12:24 of 3rd period - Shot Blocked by Uvis Balinskis.
12:26 of 3rd period - Snap shot by Trevor van Riemsdyk.
12:26 of 3rd period - Deflect By Jordan Greenway.
12:26 of 3rd period - Shot Misses the Net.
12:26 of 3rd period - Puck is out of play.
12:27 of 3rd period - Elias Lindholm wins face-off versus Chris Kreider in Calgary Flames zone.
12:28 of 3rd period - Wrist shot by Josh Anderson.
12:28 of 3rd period - Stopped by Pheonix Copley with a rebound.
12:30 of 3rd period - Wrist shot by Josh Anderson.
12:30 of 3rd period - Stopped by Pheonix Copley with a rebound.
12:32 of 3rd period - Slapshot by Brendan Gallagher.
12:32 of 3rd period - Shot Blocked by Chris Kreider.
12:34 of 3rd period - Snap shot by Josh Anderson.
12:34 of 3rd period - Stopped by Pheonix Copley without a rebound.
12:35 of 3rd period - J.T. Miller wins face-off versus Elias Lindholm in Calgary Flames zone.
12:45 of 3rd period - Minor Penalty to Josh Anderson for Holding.
12:46 of 3rd period - Brendan Gallagher wins face-off versus Bo Horvat in Dallas Stars zone.
13:25 of 3rd period - Slapshot by Kris Letang.
13:25 of 3rd period - Deflect By Brendan Gallagher.
13:25 of 3rd period - Goal by Kris Letang - Dallas Stars : 5 - Calgary Flames : 3.
13:26 of 3rd period - Elias Lindholm wins face-off versus Bo Horvat in neutral zone.
13:46 of 3rd period - Minor Penalty to Arber Xhekaj for High sticking.
13:47 of 3rd period - J.T. Miller wins face-off versus Jordan Martinook in Dallas Stars zone.
14:21 of 3rd period - Kris Letang is hit by Elias Lindholm and loses puck.
14:40 of 3rd period - Dougie Hamilton is hit by Mathieu Joseph and loses puck.
15:12 of 3rd period - Icing by Sebastian Aho.
15:13 of 3rd period - Bo Horvat wins face-off versus Jordan Martinook in Calgary Flames zone.
15:46 of 3rd period - Penalty to Arber Xhekaj is over, Arber Xhekaj is back on ice.
17:11 of 3rd period - Wrist shot by Alex Iafallo.
17:11 of 3rd period - Stopped by Pheonix Copley without a rebound.
17:12 of 3rd period - Joel Eriksson Ek wins face-off versus Jack Drury in Calgary Flames zone.
17:19 of 3rd period - Dougie Hamilton is hit by Pavel Zacha and loses puck.
17:40 of 3rd period - Wrist shot by Brendan Gallagher.
17:40 of 3rd period - Shot Misses the Net.
17:42 of 3rd period - Snap shot by Rasmus Ristolainen.
17:42 of 3rd period - Shot Misses the Net.
17:44 of 3rd period - Snap shot by Elias Lindholm.
17:44 of 3rd period - Shot Blocked by Drew Doughty.
17:46 of 3rd period - Slapshot by Rasmus Ristolainen.
17:46 of 3rd period - Shot Blocked by Alec Martinez.
17:48 of 3rd period - Wrist shot by Brendan Gallagher.
17:48 of 3rd period - Stopped by Pheonix Copley without a rebound.
17:49 of 3rd period - Pavel Zacha wins face-off versus Elias Lindholm in Calgary Flames zone.
17:49 of 3rd period - Pavel Zacha is hit by Brendan Gallagher.
17:52 of 3rd period - Minor Penalty to Matthew Tkachuk for Boarding.
17:53 of 3rd period - Elias Lindholm wins face-off versus Bo Horvat in Calgary Flames zone.
17:58 of 3rd period - Minor Penalty to Josh Anderson for Tripping.
17:59 of 3rd period - Sebastian Aho wins face-off versus Elias Lindholm in Dallas Stars zone.
18:11 of 3rd period - Snap shot by Bo Horvat.
18:11 of 3rd period - Stopped by Alex Lyon with a rebound.
19:00 of 3rd period - Off-side.
19:01 of 3rd period - Bo Horvat wins face-off versus Jordan Martinook in neutral zone.
19:25 of 3rd period - Alec Martinez is hit by Alex Iafallo and loses puck.
19:30 of 3rd period - Slapshot by Alex Iafallo.
19:30 of 3rd period - Stopped by Pheonix Copley without a rebound.
19:31 of 3rd period - Bo Horvat wins face-off versus Jordan Martinook in Calgary Flames zone.
19:39 of 3rd period - Slapshot by Kris Letang.
19:39 of 3rd period - Stopped by Alex Lyon with a rebound.
19:52 of 3rd period - Penalty to Matthew Tkachuk is over, Matthew Tkachuk is back on ice.
19:58 of 3rd period - Penalty to Josh Anderson is over, Josh Anderson is back on ice.
Goals for this period are 1 for Dallas Stars vs 1 for Calgary Flames.
Shots for this period are 14 for Dallas Stars vs 7 for Calgary Flames.